 Dungeon Crawl Stone Soup version 0.30-a0-304-gdc4b735fe1 (webtiles) character file.

Game seed: 1254199966477338500

305 blackman the Slasher (level 5, -13/42 HPs)
             Began as a Demigod Fighter on Oct 20, 2022.
             Mangled by Menkaure (20 damage)
             ... on level 4 of the Dungeon.
             The game lasted 00:07:13 (3654 turns).

blackman the Slasher (Demigod Fighter)              Turns: 3654, Time: 00:07:14

Health: -13/42     AC:  6    Str: 17    XL:     5   Next: 93%
Magic:  7/7        EV:  8    Int: 10    God:
Gold:   128        SH:  6    Dex: 17    Spells: 4/4 levels left

rFire   . . .      SeeInvis .    a - +1 long sword
rCold   . . .      Faith    .    c - +1 buckler
rNeg    . . .      Spirit   .    b - +0 scale mail
rPois   .          Reflect  .    (no helmet)
rElec   .          Harm     .    (no cloak)
rCorr   .          Rampage  .    (no gloves)
Will    +....                    (no boots)
Stlth   ..........               (no amulet)
HPRegen 0.27/turn                n - ring of willpower
MPRegen 0.10/turn                (no ring)

@: no status effects
A: high MP 1, forlorn, divine attributes
a: no special abilities


You were on level 4 of the Dungeon.
You visited 1 branch of the dungeon, and saw 4 of its levels.

You collected 128 gold pieces.

Inventory:

Hand Weapons
 a - a +1 long sword (weapon)
Armour
 b - a +0 scale mail (worn)
 c - a +1 buckler (worn)
Jewellery
 n - a ring of willpower (left hand)
Scrolls
 g - a scroll of blinking
 h - a scroll of enchant weapon
 i - a scroll of noise
 m - a scroll of fear
 q - a scroll of poison
Potions
 e - a potion of lignification {unknown}
 f - 2 potions of curing
 k - a potion of invisibility {unknown}
 l - a potion of mutation {unknown}
 o - a potion of resistance {unknown}


   Skills:
 - Level 2.6 Fighting
 + Level 6.0 Long Blades
 - Level 2.6 Armour
 - Level 2.6 Shields


You had 4 spell levels left.
You didn't know any spells.
Your spell library contained the following spells:

 Spells                   Type           Power      Damage    Failure   Level
 Summon Small Mammal      Summ           0%         N/A       86%         1
 Blink                    Tloc           0%         N/A       95%         2
 Momentum Strike          Conj/Tloc      0%         3d8       95%         2
 Call Canine Familiar     Summ           0%         N/A       99%         3
 Lesser Beckoning         Tloc           0%         N/A       99%         3
 Summon Guardian Golem    Hex/Summ       0%         N/A       99%         3
 Animate Dead             Necr           0%         N/A       100%        4
 Haunt                    Necr/Summ      0%         N/A       100%        7
 Infestation              Necr           0%         N/A       100%        8


Dungeon Overview and Level Annotations

Branches:
Dungeon (4/15)             Temple (0/1) D:4

Annotations:
D:4 Menkaure


Innate Abilities, Weirdness & Mutations

You have an increased reservoir of magic. (+10% MP)
You shall have no god before yourself.
Your divine heritage dramatically boosts your attributes as you level up.


Message History

Edmund is almost dead.
Edmund hits you with a +3 flail of protection.
* * * LOW HITPOINT WARNING * * *
You slash Edmund!
You kill Edmund!
Your Long Blades skill increases to level 6!
Things that are here:
a +3 flail of protection; a +0 leather armour You feel a little less mighty now.
Key pressed, stopping explore.
Key pressed, stopping explore.
Key pressed, stopping explore.
Menkaure, Prince of Dust comes into view.
Menkaure shouts!
You start waiting.
Menkaure is nearby!
You barely miss Menkaure.
Menkaure gestures wildly while chanting.
Menkaure seems to speed up.
You hit Menkaure.
Menkaure is moderately damaged.
Menkaure calls on the powers of darkness!
Your body is wracked with pain!
You hit Menkaure.
Menkaure is moderately damaged.
You block Menkaure's attack. Menkaure hits you!
* * * LOW HITPOINT WARNING * * *
You slash Menkaure!
Menkaure is severely damaged.
Menkaure barely misses you.
You hit Menkaure but do no damage.
Menkaure is severely damaged.
You block Menkaure's attack.
You hit Menkaure but do no damage.
Menkaure is severely damaged.
Menkaure calls on the powers of darkness!
Your body is wracked with pain!
* * * LOW HITPOINT WARNING * * *
Menkaure hits you!!
You die...

*****,,<,,,...M.,,,,,,,,,* ##...
**,,,,,,,*#....,,,,,,,,** #....
##......##**#...,,,,,,,** ##....
.........## #...,,,,,,,* #.....
...>......####..##,,,,** ##.....
............###..##**** #......
.............#*#..### ##.....#
.............# ##M..######.....##
.............###@.##......##.####
....<........##..#########...)...
......(.....##..## #######.
...............## ##
......(.......## #.
............### ## ....))......#
# ............# # ........(..## #


You could see Menkaure (fast).

Vanquished Creatures
  Edmund (D:4)
  2 orc wizards (D:4)
  8 adders
  5 orcs
  3 endoplasms
  3 giant cockroaches
  4 goblins (D:2)
  2 hobgoblins (D:3)
  6 jackals
  A quokka (D:2)
  6 ball pythons
  8 bats
  7 frilled lizards
  5 kobolds
  4 rats
65 creatures vanquished.

Vanquished Creatures (collateral kills)
  A rat (D:2)
1 creature vanquished.

Grand Total: 66 creatures vanquished

Notes
Turn   | Place    | Note
-------+----------+-------------------------------------------
     0 | D:1      | blackman the Demigod Fighter began the quest for the Orb.
     0 | D:1      | Reached XP level 1. HP: 18/18 MP: 3/3
     0 | D:1      | Noticed a demonspawn
     0 | D:1      | Noticed a demigod
     6 | D:1      | Noticed a troll
     7 | D:1      | Noticed an ogre
     9 | D:1      | Noticed a ghoul
    13 | D:1      | Noticed a demonspawn
    15 | D:1      | Noticed a ghoul
    15 | D:1      | Noticed a demonspawn
    17 | D:1      | Noticed a dwarf
    17 | D:1      | Noticed a merfolk
    19 | D:1      | Noticed an ogre
    19 | D:1      | Noticed a draconian
    21 | D:1      | Noticed a ghoul
    87 | D:1      | Reached skill level 2 in Long Blades
   838 | D:1      | Reached XP level 2. HP: 22/25 MP: 4/4
   946 | D:2      | Reached skill level 3 in Long Blades
  1363 | D:2      | Reached XP level 3. HP: 30/30 MP: 5/5
  1750 | D:2      | Reached skill level 4 in Long Blades
  1841 | D:2      | Reached XP level 4. HP: 37/37 MP: 6/6
  3200 | D:4      | Reached skill level 5 in Long Blades
  3411 | D:4      | Reached XP level 5. HP: 33/42 MP: 7/7
  3494 | D:4      | Noticed Edmund
  3512 | D:4      | Killed Edmund
  3513 | D:4      | Reached skill level 6 in Long Blades
  3639 | D:4      | Noticed Menkaure
  3654 | D:4      | Mangled by Menkaure

Illustrated notes

Levels and vault maps discovered:
D:1:      shiori_arrival_whats_in_store_for_you, layout_basic,
          ebering_ecumenical_altar_hall
D:2:      layout_loops_ring
D:3:      layout_loops_cross, st_stairs_3
D:4:      layout_cave_pods, temple_hall, grunt_tough_drop,
          uniq_crazy_yiuf_cottage, uniq_edmund, uniq_menkaure

Skill      XL: |  1  2  3  4  5 |
---------------+----------------+-----
Long Blades    | 2 3 4 5 6 |  6.0
Fighting       | |  2.6
Armour         | |  2.6
Shields        | |  2.6

Action                   |  1- 3 |  4- 6 || total
-------------------------+-------+-------++-------
Melee: Long sword        |   136 |   143 ||   279
  Use: Scroll            |     4 |     7 ||    11
       Potion            |       |     2 ||     2
Armor: Scale mail        |   100 |    69 ||   169
Dodge: Dodged            |    73 |    39 ||   112
Block: Buckler           |    39 |    53 ||    92

Table legend: (Time is in decaauts)
 A = Elapsed time spent in this place.
 B = Non-inter-level travel time spent in this place.
 C = Inter-level travel time spent in this place.
 D = Time resting spent in this place.
 E = Time spent auto-exploring this place.
 F = Levels seen in this place.
 G = Mean time per level.
                   A        B        C        D        E       F      G
               +--------+--------+--------+--------+--------+-----+--------+
         Total |   3724 |   3612 |    112 |    736 |   2240 |   4 |  931.0 |
       Dungeon |   3724 |   3612 |    112 |    736 |   2240 |   4 |  931.0 |
               +--------+--------+--------+--------+--------+-----+--------+

Top non-repeatable levels by time:
     D:1: 1237 daAuts
     D:3: 1111 daAuts
     D:2: 813 daAuts
     D:4: 561 daAuts
